 Dungeon Crawl Stone Soup version 0.24.1-11-gbbbb2193e6 (webtiles) character file.

Game seed: 9541642175143378145, levelgen mode: deterministic

7319 Gwenloh the Cleaver (level 11, -1/102 HPs)
             Began as a Hill Orc Fighter on May 13, 2020.
             Was a Priest of Qazlal.
             Slain by a porcupine (9 damage)
             ... on level 9 of the Dungeon.
             The game lasted 00:32:40 (10130 turns).

Gwenloh the Cleaver (Hill Orc Fighter)             Turns: 10130, Time: 00:32:42

Health: -1/102     AC:  9    Str: 25    XL:     11   Next: 13%
Magic:  11/11      EV:  8    Int:  8    God:    Qazlal [***...]
Gold:   513        SH: 15    Dex: 13    Spells: 10/10 levels left

rFire    + . .     SeeInvis .   a - +0 war axe
rCold    + . .     Gourm    .   c - +0 shield
rNeg     . . .     Faith    .   j - +0 scale mail
rPois    .         Spirit   .   y - +1 hat
rElec    .         Reflect  .   g - scarf {rC+ rF+}
rCorr    .         Harm     .   (no gloves)
MR       .....                  (no boots)
Stlth    ..........             E - amulet of the acrobat
HPRegen  0.27/turn              (no ring)
MPRegen  0.12/turn              (no ring)

@: mighty, lethally poisoned (-1 -> -4), very slightly contaminated, invisible
A: no striking features
a: Upheaval, Elemental Force, Renounce Religion


You were on level 9 of the Dungeon.
You worshipped Qazlal.
Qazlal was most pleased with you.
You were not hungry.

You visited 2 branches of the dungeon, and saw 11 of its levels.

You collected 513 gold pieces.

Inventory:

Hand Weapons
 a - a +0 war axe (weapon)
 b - a +8 spear of venom
Missiles
 h - 233 stones
 t - 19 poisoned darts (quivered)
 x - a throwing net
 D - 7 javelins
Armour
 c - a +0 shield (worn)
 g - a scarf of resistance (worn)
 j - a +0 scale mail (worn)
 s - a cursed +0 ring mail
 y - a +1 hat (worn)
Jewellery
 C - an uncursed ring of see invisible {unknown}
 E - an amulet of the acrobat (around neck)
 F - a +5 ring of strength {unknown}
Wands
 l - a wand of flame (13)
 n - a wand of random effects (19)
Scrolls
 o - 2 scrolls of remove curse
 p - a scroll of fear
 u - 4 scrolls of teleportation
 w - a scroll of magic mapping
 A - a scroll of amnesia
 B - 2 scrolls of identify
 H - a scroll of fog {unknown}
Potions
 e - a potion of lignification
 i - a potion of curing
 k - a potion of cancellation
 q - a potion of agility {unknown}
 r - 2 potions of flight
 v - a potion of magic {unknown}
 z - a potion of brilliance {unknown}
 G - a potion of haste
Comestibles
 f - 18 rations
 I - 4 chunks of flesh


   Skills:
 * Level 11.3 Fighting
 * Level 11.9 Axes
 + Level 5.0 Throwing
 + Level 7.8 Armour
 + Level 7.9 Shields


You had 10 spell levels left.
You didn't know any spells.
Your spell library contained the following spells:

 Spells                   Type           Power        Failure   Level  Hunger
 Confusing Touch          Hex            #.....       93%         1    ##.....
 Confuse                  Hex            #.......     100%        3    ####...
 Gell's Gravitas          Tloc           #.........   100%        3    ####...
 Petrify                  Tmut/Erth      #.......     100%        4    #####..
 Metabolic Englaciation   Hex/Ice        #.........   100%        5    ######.
 Yara's Violent Unravell  Hex/Tmut       #.........   100%        5    ######.


Dungeon Overview and Level Annotations

Branches:
Dungeon (10/15)            Temple (1/1) D:6
   Lair: D:8-11         Orc: D:9-12

Altars:
Ashenzari
Cheibriados
Dithmenos
Elyvilon
Fedhas
Gozag
Hepliaklqana
Kikubaaqudgha
Makhleb
Nemelex Xobeh
Okawaru
Qazlal
Ru
Sif Muna
Uskayaw
Vehumet
Wu Jian
Xom
Yredelemnul
Zin
The Shining One
Lugonu

Shops:
D:4 :   D:7 :

Annotations:
D:5 2 transporters


Message History

The killer bee stings you but does no damage.
You feel very mighty all of a sudden. You block the killer bee's attack.
The killer bee stings you.
* * * LOW HITPOINT WARNING * * *
You closely miss the killer bee. The killer bee stings you.
* * * LOW HITPOINT WARNING * * *
You are poisoned.
The killer bee poisons you! You block the killer bee's attack.
You slash the killer bee!
The killer bee is severely wounded.
You feel sick.
You are too injured to fight recklessly!
Your shield and scale mail prevent you from hitting the porcupine.
The porcupine is lightly wounded.
You catch the helpless killer bee completely off-guard!
You slash the killer bee!
You kill the killer bee!
Qazlal accepts your kill.
You feel sick. The porcupine bites you!
You die...

≈≈≈≈≈≈≈ ≈≈≈≈≈≈≈ ≈≈≈≈≈≈≈
≈≈≈≈≈≈≈ ≈≈≈≈h≈≈ ≈≈≈≈≈≈≈
≈≈(≈≈≈≈###################
≈≈≈(≈≈)(.(..h°@..>......<#
≈≈≈≈≈≈;.((†)yr.○......####
≈≈≈≈≈≈≈.#############.#
≈≈≈≈≈≈... #.# .≈≈≈≈#...
#.# .≈≈≈##...# #.# ....
#...# #.# ... #.?.# #.#
#.. #.#


You could see a black bear, a porcupine and a killer bee.

Vanquished Creatures
  A two-headed ogre (D:8)
  3 hippogriffs
  Sigmund (D:5)
  9 yaks
  2 steam dragons
  Grum (D:8)
  2 porcupines (D:9)
  A phantom (D:8)
  5 ice beasts
  2 orc warriors (D:8)
  3 ogres
  2 sky beasts
  A necrophage (D:6)
  2 wolves (D:8)
  4 centaurs
  2 big kobolds
  5 bullfrogs
  2 scorpions
  5 killer bees (D:9)
  2 electric eels (D:9)
  4 crimson imps
  5 howler monkeys
  2 bullfrog zombies
  A quasit (D:8)
  4 jellies
  4 bullfrog skeletons
  2 hounds
  3 orc priests
  2 centaur skeletons
  Jessica (D:2)
  Natasha (D:2)
  6 orc wizards
  6 worker ants
  A killer bee zombie (D:8)
  A hound zombie (D:6)
  2 hound skeletons
  Robin (D:2)
  A howler monkey skeleton (D:8)
  A gnoll (D:6)
  9 adders
  3 shadow imps
  2 white imps (D:9)
  An ooze (D:5)
  An adder skeleton (D:8)
  3 worms
  3 dart slugs
  9 leopard geckos
  16 orcs
  4 ball pythons
  12 giant cockroaches
  12 goblins
  9 hobgoblins
  9 jackals
  17 kobolds
  6 quokkas
  7 bats
  5 frilled lizards
  A leopard gecko skeleton (D:7)
  2 quokka skeletons
  11 rats
  A bush (D:6)
246 creatures vanquished.

Vanquished Creatures (others)
  2 orcs (D:9)
  50 fungi (D:9)
  25 plants
  4 toadstools (D:1)
81 creatures vanquished.

Grand Total: 327 creatures vanquished

Notes
Turn   | Place    | Note
-------+----------+-------------------------------------------
     0 | D:1      | Gwenloh the Hill Orc Fighter began the quest for the Orb.
     0 | D:1      | Reached XP level 1. HP: 19/19 MP: 1/1
   266 | D:1      | Reached XP level 2. HP: 27/27 MP: 2/2
   734 | D:2      | Noticed Robin
   744 | D:1      | Reached XP level 3. HP: 27/33 MP: 3/3
  1016 | D:2      | Killed Robin
  1094 | D:2      | Noticed Jessica
  1096 | D:2      | Killed Jessica
  1096 | D:2      | Reached XP level 4. HP: 27/41 MP: 4/4
  1526 | D:2      | Noticed Natasha
  1529 | D:2      | Killed Natasha
  1529 | D:2      | Reached XP level 5. HP: 47/47 MP: 5/5
  1658 | D:2      | Reached skill level 5 in Fighting
  1879 | D:4      | Found a radiant altar of Vehumet.
  1879 | D:4      | Noticed a centaur
  2031 | D:3      | Reached skill level 5 in Axes
  2031 | D:3      | Reached XP level 6. HP: 26/56 MP: 6/6
  2639 | D:3      | Found a sacrificial altar of Ru.
  3012 | D:4      | Reached XP level 7. HP: 41/63 MP: 7/7
  3212 | D:4      | Found Feupsoiz's Book Shop.
  3481 | D:4      | Found a white marble altar of Elyvilon.
  3570 | D:4      | Found a hazy altar of Hepliaklqana.
  3815 | D:4      | Found a hide-covered altar of Uskayaw.
  3831 | D:5      | Entered Level 5 of the Dungeon
  3831 | D:5      | Found a transporter.
  3850 | D:5      | Found a transporter.
  3855 | D:5      | Reached skill level 5 in Shields
  3921 | D:5      | Noticed Sigmund
  3925 | D:5      | Killed Sigmund
  3925 | D:5      | Reached skill level 1 in Throwing
  3925 | D:5      | Reached skill level 5 in Armour
  3925 | D:5      | Reached XP level 8. HP: 65/73 MP: 8/8
  4046 | D:5      | Found a sacrificial altar of Ru.
  4048 | D:5      | Found a shattered altar of Ashenzari.
  4048 | D:5      | Found a stormy altar of Qazlal.
  4049 | D:5      | Found a burning altar of Makhleb.
  4049 | D:5      | Found an ornate altar of the Wu Jian Council.
  4049 | D:5      | Found a sparkling altar of Nemelex Xobeh.
  4050 | D:5      | Found an ancient bone altar of Kikubaaqudgha.
  4058 | D:5      | Became a worshipper of Qazlal Stormbringer
  5155 | D:6      | Reached XP level 9. HP: 81/81 MP: 9/9
  5184 | D:6      | Reached * piety under Qazlal
  5462 | D:6      | Found a staircase to the Ecumenical Temple.
  5473 | Temple   | Entered the Ecumenical Temple
  6874 | D:7      | Found an iron altar of Okawaru.
  7112 | D:7      | Found Ycyuhuq's Book Shop.
  7178 | D:7      | Reached skill level 10 in Axes
  7610 | D:8      | Noticed Grum
  7616 | D:8      | Reached XP level 10. HP: 69/92 MP: 10/10
  7624 | D:8      | Killed Grum
  7835 | D:8      | Reached skill level 10 in Fighting
  7994 | D:8      | Reached ** piety under Qazlal
  8440 | D:8      | Noticed a two-headed ogre
  8450 | D:8      | Killed a two-headed ogre
  8456 | D:8      | Found an iron altar of Okawaru.
  9108 | D:10     | Entered Level 10 of the Dungeon
  9142 | D:10     | Noticed a two-headed ogre
  9498 | D:9      | Reached XP level 11. HP: 70/102 MP: 11/11
  9969 | D:9      | Reached skill level 5 in Throwing
 10122 | D:9      | Reached *** piety under Qazlal
 10130 | D:9      | Slain by a porcupine

Levels and vault maps discovered:
D:1:      ldierk_water_garden, layout_basic
D:2:      layout_rooms, uniq_natasha, uniq_jessica, uniq_robin
D:3:      layout_basic, nicolae_ru_the_path_less_chosen
D:4:      layout_loops_ring, kennysheep_mini_moat, vehumet_altar_wand_db,
          kennysheep_mini, elyvilon_altar_1, serial_shops,
          nicolae_shop_temple_entry_statues_fountains
D:5:      gammafunk_wand_slinger, layout_loops_cross,
          grunt_temple_overflow_open, first_ration, lexackson_kobold_supper,
          uniq_sigmund
D:6:      layout_layer_cave, minmay_temple_entry_slanted,
          minmay_misc_feat_roman, grunt_ministairs_6, kb_lookout_dungeons_type,
          sigmund_army
D:7:      layout_loops_corners, lemuel_coloured_pillars_altar, serial_shops,
          shop
D:8:      layout_loops_ring, grunt_pizzeria, okawaru_ov_weapons_minmay,
          uniq_grum
D:9:      corexii_shack_village, layout_basic, overflow_temple_1_default,
          due_lair_maze_entry_diamond, serial_ice, serial_ice_d, serial_ice_g,
          serial_ice_m, serial_ice_c, serial_shops, shop, minmay_radiant
D:10:     layout_loops_ring, enter_bailey_1
Temple:   kb_corrupted_temple

Skill      XL: |  1  2  3  4  5  6  7  8  9 10 11 |
---------------+----------------------------------+-----
Axes           | 3 4 5 6 7 8 10 11 | 11.9
Fighting       | 4 5 6 7 8 9 11 | 11.3
Shields        | 4 5 6 7 |  7.9
Armour         | 4 5 6 7 |  7.8
Throwing       | 1 2 3 4 5 |  5.0

Action                   |  1- 3 |  4- 6 |  7- 9 | 10-12 || total
-------------------------+-------+-------+-------+-------++-------
Melee: War axe           |    21 |       |    19 |    43 ||    83
       Spear             |    30 |   132 |   266 |   158 ||   586
Throw: Stone             |    37 |    76 |    39 |     3 ||   155
       Javelin           |     3 |     7 |    36 |    26 ||    72
       Dart              |       |     2 |    31 |    39 ||    72
Evoke: Wand              |       |     4 |     1 |       ||     5
  Use: Scroll            |     2 |       |     8 |     2 ||    12
       Potion            |       |       |     1 |     3 ||     4
 Stab: Invisible         |       |       |       |     2 ||     2
  Eat: Chunk             |     1 |     6 |    10 |     9 ||    26
       Ration            |       |       |     1 |       ||     1
Armor: Scale mail        |     5 |       |    55 |    53 ||   113
       Ring mail         |    14 |    30 |       |       ||    44
Dodge: Dodged            |    20 |    16 |    43 |    68 ||   147
Block: Shield            |    35 |    20 |    84 |   125 ||   264
